 Dungeon Crawl Stone Soup version 0.20.0-10-g0535bb4 (webtiles) character file.

94 Fingolfin the Magician (level 4, -17/24 HPs)
             Began as a Deep Elf Summoner on June 6, 2017.
             Killed from afar by an orc (28 damage)
             ... with a wand of lightning (?/15)
             ... on level 3 of the Dungeon.
             The game lasted 00:07:59 (2780 turns).

Fingolfin the Magician (Deep Elf Summoner)          Turns: 2780, Time: 00:08:00

Health: -17/24     AC:  3    Str:  5    XL:     4   Next: 38%
Magic:  4/14       EV: 12    Int: 21    God:
Gold:   50         SH:  0    Dex: 15    Spells: 9/15 levels left

rFire    . . .     SeeInvis .   m - +0 short sword
rCold    . . .     Gourm    .   (no shield)
rNeg     . . .     Faith    .   n - +0 leather armour
rPois    .         Spirit   .   (no helmet)
rElec    .         Reflect  .   (no cloak)
rCorr    .         Harm     .   (no gloves)
MR       .....                  (no boots)
Stlth    ++........             (no amulet)
Regen    0.1/turn               (no ring)
MPRegen  0.2/turn               (no ring)

@: no status effects
A: no striking features
a: no special abilities


You were on level 3 of the Dungeon.
You were not hungry.

You visited 1 branch of the dungeon, and saw 3 of its levels.

You collected 50 gold pieces.

Inventory:

Hand Weapons
 g - a +0 dagger
 m - a +0 short sword (weapon)
Armour
 n - a +0 leather armour (worn)
Scrolls
 a - a scroll of amnesia {unknown}
 e - 4 scrolls of identify {unknown}
 k - a scroll of magic mapping {unknown}
 o - a scroll of random uselessness {unknown}
 p - a scroll of recharging {unknown}
Potions
 h - a potion of cancellation {unknown}
 i - a potion of resistance {unknown}
 j - a potion of mutation {unknown}
 l - 3 potions of curing
Books
 b - a book of Callings

   Spells                             Type                      Level
   a - Summon Small Mammal            Summoning                    1
   b - Call Imp                       Summoning                    2
   c - Call Canine Familiar           Summoning                    3
   d - Summon Guardian Golem          Hexes/Summoning              3
   e - Summon Lightning Spire         Summoning/Air                4
   f - Summon Ice Beast               Ice/Summoning                4
Comestibles
 c - 3 bread rations
 d - 2 meat rations
 f - 2 royal jellies
 q - 4 chunks of flesh


   Skills:
 - Level 2.4 Dodging
 - Level 2.4 Stealth
 + Level 6.4 Spellcasting
 - Level 4.3 Summonings


You had 9 spell levels left.
You knew the following spells:

 Your Spells              Type           Power        Failure   Level  Hunger
a - Summon Small Mammal   Summ           ####         2%          1    None
b - Call Imp              Summ           ####....     3%          2    None
c - Call Canine Familiar  Summ           ####....     8%          3    #......


Dungeon Overview and Level Annotations

Branches:
Dungeon (3/15)

Altars:
Nemelex Xobeh


Message History

The bolt of lightning misses you.
Casting: Call Canine Familiar
Confirm with . or Enter, or press ? or * to list all spells.
Okay, then.
Okay, then.
Unknown command.
What are your orders? t - Shout!
Orders for allies: a - Attack new target. p - Attack previous target. r - Retreat! s - Stop attacking. g - Guard the area. f - Follow me.
Anything else - Cancel.
Gang up on whom?
Press: ? - help, Dir - move target cursor, f/p - orc
Aim: an orc, wielding a dagger and carrying a wand of lightning (?/15) {zapped: 3} Attack!
The orc zaps a wand.
The bolt of lightning hits your hound. The bolt of lightning hits you!
Ouch! That really hurt!
You die...

..♣.r.♣.##
#.#
#...)..#
.........#
#.#
########
########.#
#.# #.##
#.# #)[#
#.# ##)#
#.# #o#
#># #(#
#.# #.#
#@# #)#
#.# #(#
#.# #.##
#.# #.o#
#h#
##.###.#
#..##.#
##.##o#
#..#.#


You could see an orc and a friendly hound.

Vanquished Creatures
  An orc (D:3)
  A bat (D:1)
  A goblin (D:3)
  A frilled lizard (D:2)
  A kobold (D:3)
  A rat (D:1)
6 creatures vanquished.

Vanquished Creatures (collateral kills)
  An orc wizard (D:3)
  3 gnolls (D:3)
  4 adders
  2 dart slugs
  3 leopard geckos
  2 giant cockroaches
  7 goblins
  6 hobgoblins
  7 kobolds (D:1)
  A quokka (D:3)
  A ball python (D:1)
  6 bats
  2 frilled lizards (D:1)
  7 rats
52 creatures vanquished.

Vanquished Creatures (others)
  An orc wizard (D:3)
  An orc (D:3)
2 creatures vanquished.

Grand Total: 60 creatures vanquished

Notes
Turn   | Place    | Note
-------+----------+-------------------------------------------
     0 | D:1      | Fingolfin the Deep Elf Summoner began the quest for the Orb.
     0 | D:1      | Reached XP level 1. HP: 10/10 MP: 6/6
   589 | D:1      | Reached XP level 2. HP: 15/15 MP: 4/8
   593 | D:1      | Reached skill level 4 in Spellcasting
   614 | D:1      | Learned a level 2 spell: Call Imp
  1645 | D:2      | Reached skill level 5 in Spellcasting
  1645 | D:2      | Reached XP level 3. HP: 19/19 MP: 9/11
  1650 | D:2      | Learned a level 3 spell: Call Canine Familiar
  1721 | D:2      | Found a sparkling altar of Nemelex Xobeh.
  2710 | D:3      | Reached XP level 4. HP: 24/24 MP: 7/13
  2716 | D:3      | Reached skill level 6 in Spellcasting
  2780 | D:3      | Killed from afar by an orc

Skill      XL: |  1  2  3  4 |
---------------+-------------+-----
Spellcasting   | 5 6 |  6.4
Dodging        | |  2.4
Stealth        | |  2.4
Summonings     | |  4.3

Action                   |  1- 3 |  4- 6 || total
-------------------------+-------+-------++-------
Melee: Dagger            |     5 |       ||     5
       Short sword       |    16 |       ||    16
 Cast: Summon Small Mamm |    38 |       ||    38
       Call Imp          |    44 |     2 ||    46
       Call Canine Famil |     9 |     3 ||    12
  Use: Potion            |     1 |       ||     1
 Stab: Sleeping          |     2 |       ||     2
  Eat: Chunk             |     6 |       ||     6
Armor: Robe              |     3 |       ||     3
       Leather armour    |     6 |       ||     6
Dodge: Dodged            |    20 |     2 ||    22
